AoeStats
← Santi Povs

Arena

507752305Analyzed
3v3 RM · 13d ago on Sep 19, 2026· 45m 35s· 6 players
Game mode
Random Map
Map size
Normal (6 player)
Population
200
Speed
Normal
Resources
Standard
Victory
Conquest
Starting age
Dark Age
Ending age
Imperial Age
RankedLock teamsTeams togetherTeam positionsShared explorationLock speedFull tech treeHidden civsTurbo modeCheats
Victory
Defeat
🇨🇱 Burgundians · Chile
964
+18
🇹🇼 Britons · Taiwan
934
+19
🇨🇳 Mongols · China
931
+19
🇨🇴 Celts · Colombia
1033
-21
🇨🇴 Georgians · Colombia
992
-18
🇨🇴 Romans · Colombia
971
-17
croockerwilliam
6:10 Loom
10:48 Feudal Age
10:31 Double-Bit Axe
10:34 Horse Collar
17:28 Castle Age
17:05 Bow Saw
16:56 Heavy Plow
21:41 Wheelbarrow
20:57 Town Watch
21:38 Scale Barding Armor
21:42 Husbandry
21:03 Cavalier
22:28 Forging
25:06 Gold Mining
27:02 Chain Barding Armor
27:18 Iron Casting
29:51 Ballistics
32:59 Gold Shaft Mining
36:23 Imperial Age
36:59 Two-Man Saw
36:30 Crop Rotation
37:49 Paladin
39:12 Plate Barding Armor
39:39 Blast Furnace
39:55 Chemistry
41:37 Conscription
Cdaa Axsk
11:35 Feudal Age
12:39 Horse Collar
12:46 Double-Bit Axe
14:18 Loom
16:39 Castle Age
18:12 Bow Saw
18:06 Heavy Plow
19:10 Loom
19:55 Gold Mining
19:56 Stone Mining
21:00 Wheelbarrow
22:10 Fletching
23:55 Fortified Wall
24:46 Masonry
26:54 Bodkin Arrow
27:24 Ballistics
26:47 Treadmill Crane
31:12 Imperial Age
31:29 Hand Cart
33:15 Chemistry
32:04 Arrowslits
34:45 Elite Longbowman
37:04 Two-Man Saw
36:40 Architecture
35:58 Town Watch
36:20 Caravan
37:35 Bracer
37:35 Padded Archer Armor
37:44 Town Patrol
37:40 Guard Tower
39:15 Leather Archer Armor
39:06 Warwolf
42:20 Ring Archer Armor
喵了个咪
9:06 Feudal Age
9:43 Double-Bit Axe
9:47 Horse Collar
18:27 Castle Age
20:16 Forging
20:12 Scale Barding Armor
20:20 Gold Mining
20:46 Bow Saw
20:43 Heavy Plow
25:30 Stone Mining
26:32 Wheelbarrow
25:43 Loom
25:43 Town Watch
27:56 Gold Shaft Mining
27:50 Hand Cart
31:31 Imperial Age
29:32 Husbandry
29:42 Bloodlines
31:13 Scale Barding Armor
31:43 Iron Casting
32:00 Ballistics
31:35 Murder Holes
31:51 Masonry
31:52 Fortified Wall
31:51 Elite Steppe Lancer
32:25 Fletching
34:34 Light Cavalry
36:11 Caravan
37:31 Capped Ram
38:50 Chain Barding Armor
39:32 Blast Furnace
39:11 Conscription
40:17 Stone Shaft Mining
40:03 Bodkin Arrow
39:45 Siege Ram
42:22 Hussar
45:19 Bracer
Santi Povs
10:20 Feudal Age
14:25 Castle Age
13:25 Double-Bit Axe
22:43 Bow Saw
27:10 Wheelbarrow
26:52 Gold Mining
28:00 Town Watch
31:13 Imperial Age
29:00 Hand Cart
28:57 Forging
28:48 Scale Mail Armor
29:00 Loom
30:45 Iron Casting
31:33 Chain Mail Armor
30:41 Pikeman
32:57 Blast Furnace
32:59 Chemistry
32:39 Gold Shaft Mining
31:48 Capped Ram
32:00 Elite Skirmisher
32:35 Fletching
32:57 Heavy Scorpion
34:13 Siege Ram
34:20 Halberdier
37:43 Plate Mail Armor
NickyCash
10:07 Feudal Age
8:23 Loom
14:28 Castle Age
14:10 Stone Mining
14:12 Horse Collar
15:04 Double-Bit Axe
18:49 Gold Mining
27:52 Ballistas
27:50 Fletching
36:54 Imperial Age
36:21 Wheelbarrow
35:35 Town Watch
36:22 Bow Saw
36:14 Heavy Plow
38:55 Hand Cart
39:33 Conscription
41:13 Town Patrol
42:28 Gold Shaft Mining
43:45 Chemistry
44:58 Siege Engineers
El Ogro
11:40 Feudal Age
13:22 Loom
16:04 Castle Age
15:07 Scale Barding Armor
17:47 Wheelbarrow
16:56 Horse Collar
20:28 Double-Bit Axe
27:37 Heavy Plow
28:07 Forging
30:17 Hand Cart
34:23 Imperial Age
33:15 Iron Casting
34:28 Bloodlines
34:44 Chain Barding Armor
35:03 Husbandry
36:11 Blast Furnace
35:56 Conscription
35:45 Aznauri Cavalry
37:16 Plate Barding Armor
36:10 Cavalier
39:27 Fletching
39:38 Padded Archer Armor
43:05 Gold Mining
44:12 Elite Skirmisher
45:58 Chemistry
45:18 Ballistics
44:59 Bodkin Arrow
Connection lost

Rejoining the realm…

Still unreachable

The connection could not be restored.

Session expired

The server has moved on; the page needs a fresh start.